 Dungeon Crawl Stone Soup version 0.30-a0-847-g17996783a1 (webtiles) character file.

Game seed: 5348055480725224599

4874 Newt the Skirmisher (level 10, -2/64 HPs)
             Began as a Kobold Hunter on Mar 3, 2023.
             Was an Initiate of Hepliaklqana.
             Slain by an orc warlord
             ... wielding a +6 broad axe
              (31 damage)
             ... in a bailey.
             The game lasted 00:10:51 (8486 turns).

Newt the Skirmisher (Kobold Hunter)                 Turns: 8486, Time: 00:10:51

Health: -2/64      AC:  9    Str:  8    XL:     10   Next: 79%
Magic:  10/10      EV: 24    Int: 10    God:    Hepliaklqana [......]
Gold:   522        SH: 13    Dex: 24    Spells: 9/9 levels left

rFire   . . .      SeeInvis .    A - +5 sling "Xeygosesi" {drain, rC+ rN+}
rCold   + . .      Faith    .    i - +4 kite shield
rNeg    + . .      Spirit   .    z - +0 steam dragon scales
rPois   .          Reflect  .    (no helmet)
rElec   .          Rampage  .    n - scarf {harm}
rCorr   .          Harm     + .  e - +2 pair of gloves
Will    +....                    (no boots)
Stlth   +++                      (no amulet)
HPRegen 0.30/turn                l - +5 ring of evasion
MPRegen 0.12/turn                y - ring of willpower

@: no status effects
A: small, no large weapons, nightstalker 3
a: Renounce Religion


You were in a bailey.
You worshipped Hepliaklqana.
Hepliaklqana was noncommittal.
You visited 2 branches of the dungeon, and saw 10 of its levels.
You also visited: Bailey.

You collected 522 gold pieces.

Inventory:

Hand Weapons
 a - a +1 shortbow of draining
 A - the +5 sling "Xeygosesi" (weapon) {drain, rC+ rN+}
   (You found it on level 8 of the Dungeon)

   rC:        It protects you from cold.
   rN:        It protects you from negative energy.
Armour
 c - a +0 leather armour
 e - a +2 pair of gloves (worn)
 i - a +4 kite shield (worn)
 n - a scarf of harm (worn)
 q - a +0 leather armour of positive energy
 z - +0 steam dragon scales (worn)
Jewellery
 l - a +5 ring of evasion (left hand)
 y - a ring of willpower (right hand)
Wands
 v - a wand of polymorph (9)
 w - a wand of digging (6)
 x - a wand of light (20)
Scrolls
 b - 3 scrolls of immolation
 d - 6 scrolls of teleportation
 h - 2 scrolls of summoning
 k - 3 scrolls of fear
 r - a scroll of amnesia
 s - a scroll of brand weapon
 C - a scroll of magic mapping {unknown}
Potions
 f - 2 potions of resistance
 g - a potion of curing
 j - a potion of degeneration
 m - a potion of heal wounds
 o - a potion of attraction
 p - a potion of lignification
 t - 3 potions of mutation {unknown}
 B - a potion of haste {unknown}


   Skills:
 - Level 8.0 Fighting
 + Level 14.7 Ranged Weapons
 - Level 4.0 Armour
 - Level 8.0 Dodging
 - Level 1.3 Stealth
 - Level 0.1 Unarmed Combat


You had 9 spell levels left.
You didn't know any spells.
Your spell library contained the following spells:

 Spells                   Type           Power      Damage    Failure   Level
 Magic Dart               Conj           0%         1d3       94%         1
 Searing Ray              Conj           0%         2d4       98%         2
 Sublimation of Blood     Necr           0%         N/A       98%         2
 Vhi's Electric Charge    Tloc/Air       0%         N/A       100%        3
 Fulminant Prism          Conj/Hex       0%         3d5       100%        4
 Petrify                  Tmut/Erth      0%         N/A       100%        4
 Arcjolt                  Conj/Air       0%         1d10      100%        5
 Irradiate                Conj/Tmut      0%         3d11      100%        5
 Maxwell's Capacitive Co  Air            0%         ∞         100%        8


Dungeon Overview and Level Annotations

Branches:
Dungeon (9/15)             Temple (1/1) D:6             Orc (0/2) D:9
 Bailey (1/1)
   Lair: D:8-11

Altars:
Ashenzari
Cheibriados
Dithmenos
Elyvilon
Fedhas
Gozag
Hepliaklqana
Kikubaaqudgha
Makhleb
Nemelex Xobeh
Okawaru
Qazlal
Ru
Sif Muna
Trog
Uskayaw
Vehumet
Wu Jian
Xom
Yredelemnul
Zin
The Shining One


Innate Abilities, Weirdness & Mutations

You are small and have problems with some larger weapons.
You are completely attuned to the shadows.


Message History

Unknown command.
As you read the scroll of fear, it crumbles to dust.
You assume a fearsome visage.
The orc warrior looks frightened!
The orc looks frightened!
The orc warlord resists with almost no effort.
The orc warlord is engulfed in poison gas.
The orc warlord looks even sicker.
The orc warlord hits you with a +6 broad axe.
Unknown command.
Fire: A) +5 sling "Xeygosesi" {drain, rC+ rN+}
Press: ? - help, Q - select action, (/) - cycle Shift-Dir - straight line, f/p - orc warlord
Aim: an orc warlord, wielding a +6 broad axe and wearing a +0 chain mail (poison gas, moderately wounded, blind, very poisoned, lightly drained, 79% to hit)
You shoot a sling bullet.
The sling bullet barely misses the orc warlord.
The sling bullet hits the orc!
You kill the orc!
The orc warlord is engulfed in poison gas.
The orc warlord looks as sick as possible!
The orc warlord completely misses you.
The orc warrior is engulfed in poison gas.
The orc warrior is poisoned.
Fire: A) +5 sling "Xeygosesi" {drain, rC+ rN+}
Press: ? - help, Q - select action, (/) - cycle Shift-Dir - straight line, f/p - orc warlord
Aim: an orc warlord, wielding a +6 broad axe and wearing a +0 chain mail (poison gas, moderately wounded, blind, extremely poisoned, lightly drained, 79% to hit)
You shoot a sling bullet.
The sling bullet closely misses the orc warlord.
The orc warlord is engulfed in poison gas.
The orc warlord looks as sick as possible!
The orc warlord barely misses you.
Fire: A) +5 sling "Xeygosesi" {drain, rC+ rN+}
Press: ? - help, Q - select action, (/) - cycle Shift-Dir - straight line, f/p - orc warlord
Aim: an orc warlord, wielding a +6 broad axe and wearing a +0 chain mail (poison gas, heavily wounded, blind, extremely poisoned, lightly drained, 79% to hit)
You shoot a sling bullet. The sling bullet hits the orc warlord.
You drain the orc warlord.
The orc warlord is heavily wounded.
The orc warlord is no longer blind.
The orc warlord is engulfed in poison gas.
The orc warlord looks as sick as possible!
The orc warlord hits you with a +6 broad axe!!
You die...

##.....## ##'####
##.)).)##
#..)....#.........
##...)...##§§§§§○§#
#.........#.§§)☼..
##.........###.)§#
#.....⌠.....###o###
##.........##88@88##
#.........#§☼○§§§§#
##.......##§☼§○§§§##
#......))○§☼§☼§☼☼§+
##.....##○○☼§○§§§§##
#######.)...⌠.....#
##.........##
#.........#
##.......##


You could see an orc warlord (extremely poisoned, drained).

Vanquished Creatures
  A hornet (D:8)
  The ghost of demibob the Cutter, an amateur DsWn (D:4)
  A steam dragon (D:8)
  Grum (D:8)
  Edmund (D:6)
  The ghost of MrSquiggles the Conjurer, an amateur DsRe of Lugonu (D:4)
  Menkaure (D:4)
  4 water moccasins
  6 orc warriors
  2 black bears (D:6)
  An ice beast (D:6)
  4 wolves (D:8)
  A centaur (D:9)
  3 ogres
  A phantom (D:3)
  A gnoll sergeant (D:9)
  3 scorpions
  2 bullfrogs (D:7)
  12 wights
  5 killer bees (D:9)
  An electric eel (D:9)
  A jelly (D:6)
  A hound (D:5)
  4 orc priests
  A sleepcap (D:4)
  2 orc wizards
  Terence (D:2)
  9 gnolls
  9 adders
  A river rat (D:4)
  A white imp (D:7)
  2 ufetubi
  A worm (D:4)
  43 orcs
  7 bats
  4 endoplasms
  2 giant cockroaches (D:4)
  11 goblins
  12 hobgoblins
  3 jackals (D:3)
  6 kobolds
  4 ball pythons
  5 frilled lizards
  4 rats
187 creatures vanquished.

Notes
Turn   | Place    | Note
-------+----------+-------------------------------------------
     0 | D:1      | Newt the Kobold Hunter began the quest for the Orb.
     0 | D:1      | Reached XP level 1. HP: 12/12 MP: 1/1
   178 | D:1      | Noticed a great orb of eyes
   179 | D:1      | Noticed an eye of devastation
   206 | D:1      | Found a faded altar of an unknown god.
   206 | D:1      | Noticed a golden eye
   218 | D:1      | Noticed a floating eye
   294 | D:1      | Reached XP level 2. HP: 18/18 MP: 2/2
   378 | D:1      | You fall into a shaft and drop 1 floor!
   385 | D:2      | Reached XP level 3. HP: 19/23 MP: 3/3
   546 | D:2      | Noticed Terence
   549 | D:2      | Killed Terence
   550 | D:2      | Reached XP level 4. HP: 30/30 MP: 4/4
  1224 | D:2      | Found an iron altar of Okawaru.
  1635 | D:3      | Reached skill level 5 in Fighting
  2071 | D:4      | Noticed a phantom
  2072 | D:4      | Noticed Menkaure
  2074 | D:4      | Noticed a scorpion
  2091 | D:3      | Killed a phantom
  2092 | D:3      | Reached skill level 6 in Ranged Weapons
  2092 | D:3      | Reached XP level 5. HP: 24/35 MP: 5/5
  2321 | D:4      | Reached skill level 7 in Ranged Weapons
  2321 | D:4      | Reached XP level 6. HP: 27/40 MP: 6/6
  2436 | D:4      | Found an ancient bone altar of Kikubaaqudgha.
  2470 | D:4      | Found a runed translucent gate.
  2471 | D:4      | Found a runed translucent gate.
  2472 | D:4      | Found a runed translucent gate.
  2517 | D:4      | Killed Menkaure
  2518 | D:4      | Reached skill level 9 in Ranged Weapons
  2518 | D:4      | Reached XP level 7. HP: 18/44 MP: 7/7
  2569 | D:4      | Found a bloodstained altar of Trog.
  3239 | D:4      | Noticed demibob's ghost (amateur DsWn)
  3239 | D:4      | Noticed MrSquiggles's ghost (amateur DsRe)
  3247 | D:4      | Killed demibob's ghost
  3248 | D:4      | Reached skill level 10 in Ranged Weapons
  3255 | D:4      | Killed MrSquiggles's ghost
  3256 | D:4      | Reached skill level 5 in Dodging
  3256 | D:4      | Reached XP level 8. HP: 47/49 MP: 8/8
  3309 | D:5      | Entered Level 5 of the Dungeon
  3514 | D:5      | Found a shadowy altar of Dithmenos.
  4438 | D:6      | Reached skill level 1 in Armour
  4445 | D:6      | Found a staircase to the Ecumenical Temple.
  4455 | D:6      | Noticed Edmund
  4467 | D:6      | Killed Edmund
  4468 | D:6      | Reached XP level 9. HP: 22/53 MP: 9/9
  4525 | Temple   | Entered the Ecumenical Temple
  4945 | D:6      | Found a radiant altar of Vehumet.
  4976 | D:6      | Found a shimmering altar of Xom.
  6457 | D:8      | Noticed a hornet
  6465 | D:8      | Killed a hornet
  6466 | D:8      | Reached skill level 11 in Ranged Weapons
  6466 | D:8      | Reached XP level 10. HP: 40/64 MP: 10/10
  6567 | D:8      | Noticed Grum
  6579 | D:8      | Reached skill level 12 in Ranged Weapons
  6580 | D:8      | Killed Grum
  7044 | D:8      | Found a shimmering blue altar of Sif Muna.
  7262 | D:8      | Found a hazy altar of Hepliaklqana.
  7344 | D:8      | Became a worshipper of Hepliaklqana the Forgotten
  7364 | D:8      | Reached skill level 13 in Ranged Weapons
  7536 | D:8      | Identified the +5 sling "Xeygosesi" {drain, rC+ rN+}
  7908 | D:9      | Found an opulent altar of Gozag.
  8018 | D:9      | Found a staircase to the Orcish Mines.
  8169 | D:9      | Reached skill level 14 in Ranged Weapons
  8230 | D:9      | Found a flagged portal.
  8243 | Bailey   | Entered a bailey
  8474 | Bailey   | Noticed an orc warlord
  8486 | Bailey   | Slain by an orc warlord

Illustrated notes

Levels and vault maps discovered:
D:1:      dpeg_arrival_boxorama, layout_basic,
          hellmonk_ecumenical_altar_watching_god
D:2:      layout_rooms, basic_altar, uniq_terence
D:3:      layout_rooms
D:4:      layout_rooms, lemuel_round_altar, nicolae_overflow_crystal_walls,
          portal_sewer_entry_b, gammafunk_ghost_cemetery, st_stairs_7,
          minmay_misc_feat_encased, uniq_menkaure
D:5:      layout_gridville, overflow_temple_1_default
D:6:      layout_basic, mainiacjoe_overflow_two_lobes,
          minmay_temple_entry_wispy, uniq_edmund
D:7:      layout_rooms, nrook_loot_triangle
D:8:      layout_basic, led_sif_pool, amcnicky_altar_gilded, uniq_grum
D:9:      minmay_opposing_rooms, layout_basic, grunt_gozag_statues,
          david_lair_shrubbed, david_orc_2, enter_bailey_4, serial_shops,
          nicolae_lakefront_shop, eino_house_with_fridge
Temple:   eino_temple_lava
Bailey:   bailey_axe_minmay_hex_keep, bailey

Skill      XL: |  1  2  3  4  5  6  7  8  9 10 |
---------------+-------------------------------+-----
Fighting       | 3 4 5 8 |  8.0
Ranged Weapons | 6 7 9 10 11 14 | 14.7
Dodging        | 5 8 |  8.0
Armour         | 2 4 |  4.0
Stealth        | |  1.3
Unarmed Combat | |  0.1

Action                     |  1- 3 |  4- 6 |  7- 9 | 10-12 || total
---------------------------+-------+-------+-------+-------++-------
   Fire: Shortbow          |    37 |    94 |   263 |    35 ||   429
         Sling             |       |       |       |   122 ||   122
  Evoke: Wand              |       |     1 |       |     1 ||     2
    Use: Scroll            |       |     5 |    10 |     7 ||    22
         Potion            |       |     4 |     1 |       ||     5
 Armour: Leather armour    |     1 |    11 |    48 |       ||    60
         Skin              |       |       |    17 |       ||    17
         Steam dragon scal |       |       |       |     1 ||     1
  Dodge: Dodged            |     7 |    79 |   140 |    55 ||   281
  Block: Kite shield       |       |       |       |    36 ||    36

Table legend: (Time is in decaauts)
 A = Elapsed time spent in this place.
 B = Non-inter-level travel time spent in this place.
 C = Inter-level travel time spent in this place.
 D = Time resting spent in this place.
 E = Time spent auto-exploring this place.
 F = Levels seen in this place.
 G = Mean time per level.
                   A        B        C        D        E       F      G
               +--------+--------+--------+--------+--------+-----+--------+
         Total |   8545 |   7958 |    587 |   1213 |   5355 |  11 |  776.8 |
       Dungeon |   8091 |   7513 |    578 |   1213 |   4991 |   9 |  899.0 |
        Temple |    211 |    202 |      9 |      0 |    188 |   1 |  211.0 |
        Bailey |    241 |    241 |      0 |      0 |    176 |   1 |  241.0 |
               +--------+--------+--------+--------+--------+-----+--------+

Top non-repeatable levels by time:
     D:8: 1408 daAuts
     D:6: 1167 daAuts
     D:4: 1070 daAuts
     D:7: 977 daAuts
     D:1: 968 daAuts
     D:5: 798 daAuts
     D:3: 701 daAuts
     D:2: 615 daAuts
     D:9: 384 daAuts
  Bailey: 241 daAuts
  Temple: 211 daAuts
